[Event "Team 45 45 League T34"]
[Site "Internet Chess Club"]
[Date "2007.08.26"]
[Round "6"]
[White "HKNIGHT"]
[Black "Electryon"]
[Result "1-0"]
[WhiteElo "1720"]
[BlackElo "1627"]
[Opening "Queen's pawn game"]
[ECO "D00"]
[Time "14:30:32"]
[TimeControl "2700+45"]

1. d4 d5 2. e3 Bf5 3. Bd3 e6 4. f4 Nf6 5. Nf3 Bd6 6. O-O O-O 7. Nbd2 Nbd7 8. Ne5
c5 9. Bxf5 exf5 10. Qf3 Ne4 11. c4 cxd4 12. exd4 dxc4 13. Nxe4 fxe4 14. Qxe4 Qc7
15. Nxd7 Qxd7 16. Bd2 Rfe8 17. Qf3 Rac8 18. Bc3 Qb5 19. Rae1 Bb4 20. Bxb4 Qxb4
21. Qc3 Qa4 22. a3 Qc6 23. Re5 f6 24. Rc5 Qe6 25. f5 Qe2 26. Rxc8 Rxc8 27. Re1
Qh5 28. Qe3 Qxf5 29. Rf1 Qd7 30. Re1 Rd8 31. Rd1 b5 32. Qc3 a6 33. b3 Rc8 34.
bxc4 Rxc4 35. Qb3 Kf8 36. Qd3 g6 37. d5 Qd6 38. Qe3 Qc5 39. Qxc5+ Rxc5 40. d6
Ke8 41. d7+ Kd8 42. Rd6 a5 43. Rxf6 Kxd7 44. Rf7+ Ke6 45. Rxh7 Rc3 46. Rb7 Rxa3
47. Rxb5 Ra1+ 48. Kf2 a4 49. Kg3 a3 50. Kg4 a2 51. Ra5 Kf6 52. Kg3 Ke6 53. h4
Kf6 54. Kf2 Ke6 55. Kg3 Kf7 56. Kg4 Kf6 57. g3 Kg7 58. Kg5 Kf7 59. g4 Rb1 60.
Rxa2 Rb5+ 61. Kh6 Rb6 62. Ra7+ Kf6 63. Rg7 g5 64. Rg6+ Kf7 65. Rxb6 gxh4 66. Rb3
Kg8 67. Rh3 {Black resigns} 1-0

[Event "Team 45 45 League T34"]
[Site "Internet Chess Club"]
[Date "2007.08.28"]
[Round "6"]
[White "chessateer"]
[Black "morgado"]
[Result "1/2-1/2"]
[WhiteElo "1822"]
[BlackElo "2006"]
[Opening "Robatsch (modern) defense"]
[ECO "B06"]
[Time "09:19:23"]
[TimeControl "2700+45"]

1. e4 g6 2. d4 Bg7 3. Nc3 d6 4. Be3 Nf6 5. Qd2 O-O 6. O-O-O c6 7. Bh6 b5 8. f3
Qa5 9. Kb1 Be6 10. Nd5 Qxd2 11. Nxe7+ Kh8 12. Bxd2 d5 13. exd5 Nxd5 14. Nxd5
Bxd5 {Game drawn by mutual agreement} 1/2-1/2

[Event "Team 45 45 League T34"]
[Site "Internet Chess Club"]
[Date "2007.08.26"]
[Round "6"]
[White "tourettes"]
[Black "siddhu"]
[Result "1/2-1/2"]
[WhiteElo "1775"]
[BlackElo "1832"]
[Opening "Ruy Lopez: Berlin defense, open variation"]
[ECO "C67"]
[Time "14:06:02"]
[TimeControl "2700+45"]

1. e4 e5 2. Nf3 Nc6 3. Bb5 Nf6 4. O-O Nxe4 5. Re1 Nd6 6. Nxe5 Be7 7. Bf1 O-O 8.
d4 Ne8 9. c3 Nxe5 10. Rxe5 Bd6 11. Re1 Nf6 12. Nd2 b6 13. Nc4 Be7 14. Bf4 d5 15.
Ne5 Bd6 16. Bb5 Ng4 17. Bc6 Qf6 18. Nxg4 Qxf4 19. Ne5 Rb8 20. g3 Qf6 21. Bxd5
Be6 22. Bg2 Bxe5 23. Rxe5 Rfe8 24. Re1 Rbd8 25. Qf3 Qxf3 26. Bxf3 Kf8 27. b3 Bd5
28. Rxe8+ Kxe8 29. Re1+ Kf8 30. Kg2 c5 31. Rd1 Ke7 32. Bxd5 Rxd5 33. Re1+ Kd6
34. dxc5+ Rxc5 35. c4 b5 36. cxb5 Rxb5 37. f4 Rd5 38. Re2 Rd3 39. Rb2 Kc5 40. a3
a5 {Game drawn by mutual agreement} 1/2-1/2

[Event "Team 45 45 League T34"]
[Site "Internet Chess Club"]
[Date "2007.08.23"]
[Round "6"]
[White "michaelus"]
[Black "allanchs"]
[Result "1/2-1/2"]
[WhiteElo "1759"]
[BlackElo "1548"]
[Opening "Ruy Lopez: closed, Chigorin defense"]
[ECO "C97"]
[Time "12:01:02"]
[TimeControl "2700+45"]

1. e4 e5 2. Nf3 Nc6 3. Bb5 a6 4. Ba4 Nf6 5. O-O Be7 6. Re1 b5 7. Bb3 d6 8. c3
O-O 9. h3 Na5 10. Bc2 c5 11. d4 Qc7 12. Nbd2 Bd7 13. Nf1 Rfe8 14. b3 Rac8 15. d5
g6 16. Ne3 Bf8 17. g4 Bg7 18. Kh1 h6 19. Rg1 Nh7 20. Qf1 Qd8 21. Qg2 Qe7 22. Nh2
Nb7 23. Nhf1 Nd8 24. Ng3 f6 25. Nef5 gxf5 26. gxf5 Kh8 27. Nh5 Rg8 28. Bxh6 Ng5
29. Bxg7+ Rxg7 30. Nxg7 Qxg7 31. h4 Qh7 32. Qg3 Ndf7 33. Kg2 Rg8 34. Kf1 Rg7 35.
hxg5 Rxg5 36. Qf3 Rh5 37. Ke2 Ng5 38. Rxg5 fxg5 39. Rg1 Be8 40. Qg4 Qh6 41. Ke1
Rh1 42. Bd1 Rxg1+ 43. Qxg1 Qh4 44. Qg4 Qxg4 45. Bxg4 Kg7 46. Kd2 Kf6 47. a3 a5
48. Ke3 Ke7 49. Kd3 Kf6 50. c4 b4 51. axb4 axb4 52. Ke3 {Game drawn by mutual
agreement} 1/2-1/2

[Event "Team 45 45 League T34"]
[Site "Internet Chess Club"]
[Date "2007.08.27"]
[Round "6"]
[White "crankn8tr"]
[Black "parrot9"]
[Result "0-1"]
[WhiteElo "1664"]
[BlackElo "1706"]
[Opening "Sicilian: Najdorf, Byrne (English) attack"]
[ECO "B90"]
[Time "17:15:47"]
[TimeControl "2700+45"]

1. e4 c5 2. Nf3 d6 3. d4 cxd4 4. Nxd4 Nf6 5. Nc3 a6 6. Be3 e6 7. f3 b5 8. Qd2
Bb7 9. O-O-O Nbd7 10. g4 Ne5 11. Bf4 Nfd7 12. h4 Rc8 13. Kb1 Nc4 14. Bxc4 Rxc4
15. Nb3 e5 16. Be3 Be7 17. g5 b4 18. Nd5 Bxd5 19. Qxd5 Rc8 20. Qa5 Qxa5 21. Nxa5
Nc5 22. Nb3 f6 23. gxf6 gxf6 24. Rd5 Rg8 25. Rg1 Rxg1+ 26. Bxg1 Kf7 27. Nxc5
dxc5 28. b3 Ke6 29. h5 f5 30. Rd1 f4 31. Bf2 Rg8 32. Rg1 Rxg1+ 33. Bxg1 Kf6 34.
Kc1 Kg5 35. Kd2 Kxh5 36. Kd3 Kh4 37. Kc4 Kg3 38. Bxc5 Bxc5 39. Kxc5 Kxf3 40. Kd5
Ke3 41. Kxe5 f3 42. Kd5 f2 43. e5 f1=Q 44. e6 Qf5+ {White resigns} 0-1

[Event "Team 45 45 League T34"]
[Site "Internet Chess Club"]
[Date "2007.08.24"]
[Round "6"]
[White "DocHoliday"]
[Black "fishhead"]
[Result "0-1"]
[WhiteElo "1878"]
[BlackElo "1983"]
[Opening "Alekhine's defense: two pawns' (Lasker's) attack"]
[ECO "B02"]
[Time "19:10:28"]
[TimeControl "2700+45"]

1. e4 Nf6 2. e5 Nd5 3. c4 Nb6 4. c5 Nd5 5. Nc3 c6 6. Bc4 Nxc3 7. dxc3 d5 8. cxd6
exd6 9. exd6 Bxd6 10. Qe2+ Qe7 11. Qxe7+ Kxe7 12. Nf3 Be6 13. Bxe6 Kxe6 14. O-O
Nd7 15. Nd4+ Kf6 16. Be3 Ne5 17. Rad1 Rad8 18. h4 h6 19. Bf4 Nf3+ 20. Nxf3 Bxf4
21. g3 Bc7 22. Rfe1 c5 23. c4 g5 24. Rxd8 Rxd8 25. hxg5+ hxg5 26. b3 g4 27. Nh2
Rd4 28. Nf1 Be5 29. Re2 Ke6 30. Ne3 f5 31. Kg2 Re4 32. Kf1 Bd4 33. Nd5 Ke5 34.
Rxe4+ Kxe4 35. Ke2 b5 36. a4 bxc4 37. bxc4 Be5 38. Ne3 Bc3 39. Kd1 Bd4 40. Nd5
Bxf2 {White resigns} 0-1

[Event "Team 45 45 League T34"]
[Site "Internet Chess Club"]
[Date "2007.08.25"]
[Round "6"]
[White "MaunaKeaMike"]
[Black "markgravitygood"]
[Result "1/2-1/2"]
[WhiteElo "1814"]
[BlackElo "1810"]
[Opening "Réti: King's Indian attack, Yugoslav variation"]
[ECO "A07"]
[Time "18:02:31"]
[TimeControl "2700+45"]

1. Nf3 d5 2. g3 c6 3. Bg2 Nf6 4. O-O Bg4 5. d3 Nbd7 6. Nbd2 e5 7. e4 Be7 8. Qe1
Bxf3 9. Nxf3 dxe4 10. dxe4 O-O 11. Bg5 h6 12. Bxf6 Bxf6 13. Rd1 Qe7 14. Bh3 Rfd8
15. Qe2 Nf8 16. Qc4 Nh7 17. a4 Ng5 18. Nxg5 hxg5 19. Bf5 Kf8 20. a5 g6 21. Bg4
Rd4 22. Qe2 Rad8 23. c3 Rxd1 24. Rxd1 Rxd1+ 25. Qxd1 Qd8 26. Qxd8+ Bxd8 27. b4
Ke7 28. Kf1 Kd6 29. Ke2 b6 30. a6 b5 31. Bc8 Bb6 32. f3 c5 33. Kd3 cxb4 34. cxb4
Bg1 35. Ke2 Bd4 {Game drawn by mutual agreement} 1/2-1/2

[Event "Team 45 45 League T34"]
[Site "Internet Chess Club"]
[Date "2007.08.25"]
[Round "6"]
[White "Budzo"]
[Black "Mater"]
[Result "1-0"]
[WhiteElo "1765"]
[BlackElo "1724"]
[Opening "English: Symmetrical, Keres defense"]
[ECO "A30"]
[Time "09:59:54"]
[TimeControl "2700+45"]

1. Nf3 c5 2. c4 Nf6 3. Nc3 e6 4. g3 Nc6 5. Bg2 d5 6. cxd5 Nxd5 7. O-O Be7 8. d4
Nxc3 9. bxc3 O-O 10. e4 Qa5 11. Bd2 cxd4 12. cxd4 Bb4 13. Be3 Rd8 14. Qc2 Bd7
15. Rfd1 Ne7 16. a4 Rac8 17. Qa2 Bc6 18. Ne5 a6 19. Nxc6 Nxc6 20. Rac1 b5 21. d5
exd5 22. Rxd5 Ne7 23. Rxd8+ Rxd8 24. Bf4 Qxa4 25. Qb1 Bd2 26. Rd1 Ba5 27. Rxd8+
Bxd8 28. Qd3 Ba5 29. Qd7 Kf8 30. Bd6 g6 31. Qxe7+ Kg7 32. Be5+ Kh6 33. Qh4#
{Black checkmated} 1-0

[Event "Team 45 45 League T34"]
[Site "Internet Chess Club"]
[Date "2007.08.26"]
[Round "6"]
[White "diegoami"]
[Black "GrandPoobah069"]
[Result "1-0"]
[WhiteElo "1817"]
[BlackElo "1686"]
[Opening "Sicilian: Najdorf, Opocensky variation"]
[ECO "B92"]
[Time "16:03:01"]
[TimeControl "2700+45"]

1. e4 c5 2. Nf3 d6 3. d4 cxd4 4. Nxd4 Nf6 5. Nc3 a6 6. Be2 e5 7. Nb3 Be7 8. Be3
Be6 9. g4 Qc8 10. f3 b5 11. g5 Nh5 12. Nd5 Bxd5 13. exd5 Qd8 14. Qd2 Nf4 15.
Bxf4 exf4 16. h4 h6 17. O-O-O Nd7 18. Nd4 Ne5 19. Nf5 Qd7 20. Qxf4 Ng6 21. Qe4
O-O-O 22. f4 hxg5 23. hxg5 Rhg8 24. Bg4 Kb7 25. Rde1 Rde8 26. Qf3 Qd8 27. Nd4
Bxg5 28. fxg5 Qxg5+ 29. Kb1 Ne5 30. Rxe5 Qxe5 31. Qf2 Qe3 32. Qxe3 Rxe3 33. Nf5
Kc7 34. Nxe3 {Black resigns} 1-0

[Event "Team 45 45 League T34"]
[Site "Internet Chess Club"]
[Date "2007.08.23"]
[Round "6"]
[White "Moondog"]
[Black "Klampin"]
[Result "0-1"]
[WhiteElo "1853"]
[BlackElo "2013"]
[Opening "Caro-Kann: classical, Spassky variation"]
[ECO "B18"]
[Time "14:56:13"]
[TimeControl "2700+45"]

1. e4 c6 2. d4 d5 3. Nd2 dxe4 4. Nxe4 Bf5 5. Ng3 Bg6 6. Nf3 Nd7 7. h4 h6 8. h5
Bh7 9. Bd3 Bxd3 10. Qxd3 e6 11. Bd2 Ngf6 12. O-O-O Be7 13. Ne4 Nxe4 14. Qxe4 Nf6
15. Qe2 Qd5 16. c4 Qe4 17. Qxe4 Nxe4 18. Be3 Nd6 19. Ne5 Bf6 20. b3 Nf5 21. Rhe1
Nxe3 22. fxe3 a5 23. Nf3 a4 24. e4 axb3 25. axb3 Ra2 26. e5 Be7 27. Rd2 Bg5 28.
Nxg5 Ra1+ 29. Kc2 Rxe1 30. Nf3 Rh1 31. g4 Ke7 32. Rf2 Ra8 33. Kc3 f6 34. exf6+
gxf6 35. Nd2 Rg8 36. Ne4 Rh3+ 37. Kc2 Rxg4 38. Nxf6 Rxd4 39. Ng8+ Kd6 40. Nxh6
Rxh5 41. Nf7+ Ke7 42. Kc3 Rd7 43. b4 Rf5 44. Rxf5 exf5 45. Ne5 Rd1 46. Kc2 Rf1
47. b5 c5 48. Kd3 Ke6 49. Ng6 Kf6 {White resigns} 0-1

[Event "Team 45 45 League T34"]
[Site "Internet Chess Club"]
[Date "2007.08.27"]
[Round "6"]
[White "superbeast"]
[Black "holtmild"]
[Result "1-0"]
[WhiteElo "1601"]
[BlackElo "1460"]
[Opening "English opening"]
[ECO "A20"]
[Time "16:57:56"]
[TimeControl "2700+45"]

1. c4 e5 2. g3 Nf6 3. Bg2 Bc5 4. Nc3 Nc6 5. a3 d6 6. e3 Be6 7. b4 Bb6 8. d3 O-O
9. Nge2 Qd7 10. h3 Rfe8 11. Na4 Rab8 12. Nxb6 axb6 13. Bb2 Ne7 14. f4 exf4 15.
Nxf4 Nf5 16. e4 Ne3 17. Qe2 Nxg2+ 18. Qxg2 Qe7 19. O-O Bd7 20. g4 Bc6 21. b5 Bd7
22. g5 Nxe4 23. Rae1 Qxg5 24. Rxe4 Qxg2+ 25. Kxg2 Rf8 26. Re7 Rbd8 27. Nh5 Rfe8
28. Rexf7 Re2+ 29. Kh1 Rxb2 30. Rxg7+ Kh8 31. Rxd7 Rc8 32. Nf6 {Black resigns}
1-0

[Event "Team 45 45 League T34"]
[Site "Internet Chess Club"]
[Date "2007.08.26"]
[Round "6"]
[White "Glassywoman"]
[Black "rayonline53"]
[Result "0-1"]
[WhiteElo "1468"]
[BlackElo "1663"]
[Opening "Caro-Kann: advance variation"]
[ECO "B12"]
[Time "16:56:25"]
[TimeControl "2700+45"]

1. e4 c6 2. d4 d5 3. e5 Bf5 4. h3 e6 5. Nf3 h6 6. Bd3 Bxd3 7. Qxd3 Ne7 8. Nh4
Nd7 9. O-O c5 10. c3 Nc6 11. Ng6 fxg6 12. Qxg6+ Ke7 13. Qh5 cxd4 14. cxd4 Nxd4
15. Qh4+ Ke8 16. Qxd4 Be7 17. Be3 Qc7 18. Nd2 Qxe5 19. Qg4 Bf6 20. Nf3 Qd6 21.
Qg6+ Ke7 22. Rab1 Rhc8 23. Bd4 Ne5 24. Nxe5 Bxe5 25. Bxe5 Qxe5 26. Rfe1 Qf6 27.
Qd3 Kf7 28. Qb5 Qe7 29. a3 Rc2 30. Qd3 Qc5 31. Qf3+ Ke7 32. Rbd1 Rf8 33. Qg4
Qxf2+ 34. Kh1 Rf6 35. Qxg7+ Kd6 36. Qg8 Rxb2 37. Qd8+ Kc6 38. Rc1+ Kb5 39. Qd7+
Ka6 40. Rxe6+ Rxe6 41. Qxe6+ b6 42. Qxd5 Qd2 43. Qc4+ Ka5 44. Qc3+ Qxc3 45. Rxc3
Ka4 46. Rc7 a5 47. Rh7 Kxa3 48. Rxh6 a4 49. g4 b5 50. g5 Rc2 51. g6 Rc8 52. g7
Rg8 53. Rg6 b4 54. Kg1 b3 55. Kf1 b2 56. Rg3+ Ka2 57. Rg2 Ka1 58. Rxb2 Kxb2
{White resigns} 0-1

[Event "Team 45 45 League T34"]
[Site "Internet Chess Club"]
[Date "2007.08.26"]
[Round "6"]
[White "DTK"]
[Black "RisingMercury"]
[Result "0-1"]
[WhiteElo "2186"]
[BlackElo "2057"]
[Opening "Sicilian"]
[ECO "B50"]
[Time "15:36:18"]
[TimeControl "2700+45"]

1. e4 c5 2. Nf3 d6 3. c3 Nf6 4. Bd3 Bg4 5. Bc2 Nc6 6. d3 Bxf3 7. Qxf3 g6 8. Nd2
Bg7 9. O-O O-O 10. Qh3 b5 11. f4 b4 12. Nf3 bxc3 13. bxc3 Qa5 14. Bd2 Rab8 15.
f5 Rb2 16. Bb3 gxf5 17. exf5 Rxd2 18. Nxd2 Qxc3 19. Rad1 Ne5 20. Nc4 Nxc4 21.
Bxc4 Qd4+ 22. Kh1 Ng4 23. Qh4 Bf6 24. Qg3 Be5 25. Qh4 Ne3 26. Qg5+ Kh8 27. Qxe7
Ra8 28. Qb7 Rg8 29. Qxf7 d5 30. Bxd5 Nxd5 31. Rf3 c4 32. Rh3 Nf6 33. Qxc4 Qb2
34. Qc6 Ng4 35. Qf3 Nf2+ 36. Kg1 Nxd1 37. Rxh7+ Kxh7 38. Qh5+ Kg7 39. Qg6+ Kf8
40. Qh6+ Rg7 41. Qh8+ Ke7 42. Qh4+ Ke8 {White resigns} 0-1

[Event "Team 45 45 League T34"]
[Site "Internet Chess Club"]
[Date "2007.08.26"]
[Round "6"]
[White "SuperMathBoy"]
[Black "azbycx"]
[Result "1-0"]
[WhiteElo "2004"]
[BlackElo "1858"]
[Opening "Sicilian: Canal-Sokolsky attack, Sokolsky variation"]
[ECO "B52"]
[Time "11:19:45"]
[TimeControl "2700+45"]

1. e4 c5 2. Nf3 d6 3. Bb5+ Bd7 4. Bxd7+ Qxd7 5. c4 Nc6 6. d4 cxd4 7. Nxd4 Nf6 8.
Nc3 g6 9. Nde2 Bg7 10. f3 O-O 11. O-O a6 12. a4 e6 13. Bg5 Qc7 14. b3 Qb6+ 15.
Kh1 Rac8 16. Rb1 Qb4 17. Qd2 Rfd8 18. Rfd1 Rd7 19. Bh6 Rcd8 20. Bxg7 Kxg7 21.
Nd4 Qc5 22. Nxc6 bxc6 23. Ne2 Qe5 24. b4 d5 25. exd5 exd5 26. c5 d4 27. Qd3 Qe3
28. Qxa6 Re7 29. Ng3 Re6 30. Nf1 Qf2 31. Rd2 Qh4 32. Rbd1 d3 33. Rxd3 Rxd3 34.
Qxd3 Qxb4 35. Qc2 Re1 36. Rxe1 Qxe1 37. Qc4 Nd5 38. Kg1 Qa5 39. Qd4+ f6 40. Nd2
Kf7 41. h3 Ke6 42. Ne4 Qe1+ 43. Kh2 Qe3 44. Qxe3 Nxe3 45. a5 Nd5 46. a6 Nc7 47.
a7 f5 48. Nd6 Kd5 49. Nb7 Kc4 50. Nd8 Kxc5 51. Ne6+ {Black resigns} 1-0

[Event "Team 45 45 League T34"]
[Site "Internet Chess Club"]
[Date "2007.08.30"]
[Round "6"]
[White "elnik"]
[Black "jcdios"]
[Result "1/2-1/2"]
[WhiteElo "1852"]
[BlackElo "1906"]
[Opening "QGD Slav: 4.Nc3"]
[ECO "D15"]
[Time "22:56:17"]
[TimeControl "2700+45"]

1. d4 c6 2. c4 d5 3. Nf3 Nf6 4. Nc3 a6 5. cxd5 cxd5 6. Bg5 Nc6 7. e3 Ne4 8. Bf4
Nxc3 9. bxc3 e6 10. Bd3 Bd6 11. Bg3 O-O 12. O-O Re8 13. Qc2 g6 14. Rfd1 Bxg3 15.
hxg3 Qc7 16. a4 e5 17. dxe5 Nxe5 18. Nxe5 Rxe5 19. c4 Bf5 20. Bxf5 Rxf5 21. Rac1
dxc4 22. Qxc4 Qxc4 23. Rxc4 {Game drawn by mutual agreement} 1/2-1/2

[Event "Team 45 45 League T34"]
[Site "Internet Chess Club"]
[Date "2007.08.27"]
[Round "6"]
[White "Razorbackchess"]
[Black "alexcolins"]
[Result "1/2-1/2"]
[WhiteElo "1866"]
[BlackElo "1819"]
[Opening "English: symmetrical, Botvinnik system"]
[ECO "A36"]
[Time "20:10:28"]
[TimeControl "2700+45"]

1. c4 c5 2. g3 g6 3. Bg2 Bg7 4. Nc3 Nc6 5. e4 e5 6. Nge2 Nge7 7. d3 d6 8. O-O
O-O 9. h3 h6 10. Kh2 Kh7 11. Be3 f5 12. f4 {Game drawn by mutual agreement}
1/2-1/2

[Event "Team 45 45 League T34"]
[Site "Internet Chess Club"]
[Date "2007.08.24"]
[Round "6"]
[White "SpikeyJ"]
[Black "RedAttack"]
[Result "1-0"]
[WhiteElo "2159"]
[BlackElo "1930"]
[Opening "English opening"]
[ECO "A20"]
[Time "09:07:29"]
[TimeControl "2700+45"]

1. c4 e5 2. g3 Nf6 3. Bg2 Bc5 4. Nc3 c6 5. e3 d5 6. d4 exd4 7. exd4 Bb4 8. cxd5
Nxd5 9. Ne2 O-O 10. O-O Bg4 11. Qb3 Bxe2 12. Nxe2 Re8 13. Bxd5 cxd5 14. Qxb4
Rxe2 15. Qxb7 Nd7 16. Qxd5 Nb6 17. Qxd8+ Rxd8 18. b3 Rxd4 19. Be3 Rd7 20. Rfe1
Rxe1+ 21. Rxe1 h5 22. a4 Nd5 23. Rd1 a6 24. b4 Kf8 25. Bc5+ Ke8 26. Re1+ Kd8 27.
Rc1 Rb7 28. Rd1 Rd7 29. h4 Nc3 30. Ra1 Rd2 31. Kg2 Kd7 32. Kf3 Rd3+ 33. Be3 Kc6
34. Ra3 g6 35. Kg2 Kd5 36. b5 axb5 37. axb5 Kc4 38. b6 Rd8 39. Ra7 Nd5 40. Rxf7
Rb8 41. b7 Nxe3+ 42. fxe3 Kd5 43. Kf3 Ke6 44. Rc7 Kd6 45. Rg7 Ke5 46. Rxg6
{Black resigns} 1-0

[Event "Team 45 45 League T34"]
[Site "Internet Chess Club"]
[Date "2007.08.26"]
[Round "6"]
[White "IceBox"]
[Black "smitty120"]
[Result "1-0"]
[WhiteElo "1703"]
[BlackElo "1889"]
[Opening "Nimzo-Indian: classical, Noa variation"]
[ECO "E34"]
[Time "17:04:03"]
[TimeControl "2700+45"]

1. d4 Nf6 2. c4 e6 3. Nc3 Bb4 4. Qc2 d5 5. e3 Ne4 6. Bd3 Bxc3+ 7. bxc3 c5 8.
Bxe4 dxe4 9. Qxe4 Nc6 10. Ba3 Qa5 11. Bb2 O-O 12. Ne2 cxd4 13. exd4 e5 14. O-O
exd4 15. Nxd4 Ne5 16. Qd5 Qxd5 17. cxd5 Nc4 18. Bc1 a6 19. Re1 Rd8 20. Bf4 Bg4
21. h3 Bh5 22. Nf5 Bg6 23. Ne7+ Kf8 24. Nxg6+ hxg6 25. Rad1 Rac8 26. Rd3 Nb2 27.
Rde3 Rd7 28. R1e2 Nd1 29. Rd3 Rc4 30. Be5 f6 31. Bg3 Nxc3 32. Rc2 Ne2+ 33. Rxe2
b5 34. Re6 a5 35. Ra6 a4 36. Rb6 b4 37. Bd6+ Kf7 38. Bxb4 Rc1+ 39. Kh2 Rc2 40.
a3 Rxf2 41. Ra6 {Black resigns} 1-0

[Event "Team 45 45 League T34"]
[Site "Internet Chess Club"]
[Date "2007.08.25"]
[Round "6"]
[White "alexcluster"]
[Black "Vannak1"]
[Result "1-0"]
[WhiteElo "1807"]
[BlackElo "1795"]
[Opening "English: four knights, kingside fianchetto"]
[ECO "A29"]
[Time "14:02:38"]
[TimeControl "2700+45"]

1. c4 e5 2. Nc3 Nf6 3. Nf3 Nc6 4. g3 Bb4 5. Bg2 O-O 6. O-O h6 7. Qc2 d6 8. a3
Bxc3 9. Qxc3 Ne4 10. Qc2 Nc5 11. b4 Ne6 12. Bb2 e4 13. Qxe4 f5 14. Qc2 f4 15. d4
Ne7 16. d5 Ng5 17. Nxg5 hxg5 18. Qc3 Rf7 19. e3 Qf8 20. exf4 gxf4 21. f3 Ng6 22.
Rae1 Ne5 23. c5 Bd7 24. Bc1 fxg3 25. hxg3 Bb5 26. f4 Bxf1 27. Rxf1 Ng4 28. Bf3
Nh6 29. Kg2 Re8 30. Bh5 g6 31. Bb2 Qg7 32. Qc2 Nf5 33. Bxg7 Ne3+ 34. Kg1 Nxc2
35. Bxg6 Rxg7 36. Bxe8 Rxg3+ 37. Kf2 Rxa3 38. cxd6 cxd6 39. Rb1 Rd3 40. Bg6 Rd2+
41. Kf3 Na3 42. Rb3 Nb5 43. Kg4 Rxd5 44. Be4 Rd1 45. Bxb7 Kf7 46. Rb2 Kf6 47.
Ba6 Nc7 48. b5 d5 49. Bb7 d4 50. Kg3 Kf5 51. Bc8+ Ke4 52. f5 Ne8 53. Rf2 Nf6 54.
Re2+ Kd3 55. Re6 Ne4+ 56. Kf4 Rf1+ 57. Ke5 Nc5 58. Rd6 Ke3 59. Rxd4 a5 60. bxa6
Nxa6 61. Re4+ {Black resigns} 1-0

[Event "Team 45 45 League T34"]
[Site "Internet Chess Club"]
[Date "2007.08.29"]
[Round "6"]
[White "rippedmonkey"]
[Black "mambomex"]
[Result "0-1"]
[WhiteElo "1735"]
[BlackElo "1789"]
[Opening "Queen's pawn: Bronstein gambit"]
[ECO "A45"]
[Time "22:14:35"]
[TimeControl "2700+45"]

1. d4 Nf6 2. g4 Nxg4 3. e4 d6 4. Bh3 Nf6 5. Bxc8 Qxc8 6. Nc3 Nbd7 7. Nf3 c5 8.
d5 b5 9. Qe2 b4 10. Nd1 e5 11. Rg1 g6 12. Nd2 Bg7 13. Nc4 Qc7 14. Qf3 O-O 15.
Nde3 Nb6 16. h4 Nxc4 17. Nxc4 Nh5 18. Be3 f5 19. Qg2 fxe4 20. Qxe4 Nf4 21. Rg4
Qd7 22. f3 Nh5 23. Rg1 Qh3 24. Nxd6 Rxf3 25. Bg5 Nf6 26. Qe2 Rd8 27. Nc4 Rxd5
28. Nd2 Rg3 29. O-O-O Qg4 30. Qh2 Rxg1 31. Rxg1 Qe6 32. Kb1 a5 33. Qe2 e4 34. h5
Nxh5 35. Be3 Ng3 36. Qc4 Nf5 37. Qe2 Nxe3 38. Qxe3 Qf6 39. Nc4 Rd4 40. Qb3 a4
41. Qxa4 Rxc4 42. Qa8+ Qf8 43. Qd5+ Qf7 44. Qd8+ Bf8 45. Qd1 Rd4 46. Qe1 Bg7 47.
Rh1 Qd5 48. Qf1 e3 49. Rg1 Qe5 50. Qc1 e2 {White resigns} 0-1

[Event "Team 45 45 League T34"]
[Site "Internet Chess Club"]
[Date "2007.08.25"]
[Round "6"]
[White "fantanaranja"]
[Black "clarnibass"]
[Result "1/2-1/2"]
[WhiteElo "1737"]
[BlackElo "1775"]
[Opening "Grünfeld: modern exchange variation"]
[ECO "D90"]
[Time "11:06:12"]
[TimeControl "2700+45"]

1. d4 Nf6 2. Nf3 g6 3. c4 d5 4. Nc3 Bg7 5. cxd5 Nxd5 6. e4 Nxc3 7. bxc3 c5 8.
Bb5+ Nd7 9. O-O O-O 10. Bf4 a6 11. Bd3 b5 12. a4 b4 13. cxb4 cxb4 14. Qb3 a5 15.
Rac1 Ba6 16. Bxa6 Rxa6 17. d5 Bc3 18. Bh6 Re8 19. Rxc3 bxc3 20. Qxc3 f6 21. Nd4
Ne5 22. Ne6 Qd7 23. Qb3 Rc8 24. Be3 Raa8 25. Bf4 Nf7 26. Rb1 Nd6 27. f3 Ra7 28.
Bxd6 Qxd6 29. g3 Raa8 30. Qe3 Rab8 31. Rxb8 Rxb8 32. Qh6 Qb6+ 33. Kg2 Qb2+ 34.
Kh3 f5 35. exf5 gxf5 36. Qg5+ Kf7 37. Qxf5+ Kg8 38. Qg5+ Kf7 39. Qh6 Kg8 40. Ng5
Qg7 41. Qe6+ Kf8 42. f4 Qg6 43. Qe5 Rc8 44. Ne6+ Kf7 45. g4 h6 46. Kh4 Rc2 47.
h3 Qf6+ 48. Qxf6+ exf6 49. Kh5 Rd2 50. Kxh6 Rxd5 51. f5 Rd3 52. h4 Ra3 53. Nc5
Rc3 54. Nb7 Rg3 55. Kh5 Ra3 56. Nxa5 Rxa4 57. Nc6 Ra8 58. g5 Rh8+ 59. Kg4 Rc8
60. Na5 Rc5 61. Nb7 Rd5 62. Kf4 Rd4+ 63. Kg3 Rd3+ 64. Kg4 Rd5 65. Kh5 Kg7 66.
gxf6+ Kxf6 67. Kg4 Rxf5 68. Nd6 Rd5 69. Ne4+ Kg6 {Game drawn by mutual
agreement} 1/2-1/2

[Event "Team 45 45 League T34"]
[Site "Internet Chess Club"]
[Date "2007.08.25"]
[Round "6"]
[White "GolfSuper"]
[Black "chipionero"]
[Result "1-0"]
[WhiteElo "1659"]
[BlackElo "1651"]
[Opening "Sicilian: Najdorf, Byrne (English) attack"]
[ECO "B90"]
[Time "09:59:51"]
[TimeControl "2700+45"]

1. e4 c5 2. Nf3 d6 3. d4 cxd4 4. Nxd4 Nf6 5. Nc3 a6 6. Be3 e5 7. Nb3 Be6 8. Qd2
b5 9. O-O-O b4 10. Nd5 Bxd5 11. exd5 a5 12. Bb5+ Nbd7 13. Bc6 Rc8 14. f4 exf4
15. Bxf4 Be7 16. Rhe1 O-O 17. Qe3 Re8 18. Qa7 Qc7 19. Qxc7 Rxc7 20. g4 Nxg4 21.
Bxd6 Bg5+ 22. Kb1 Rxe1 23. Rxe1 Rc8 24. Bxd7 Rd8 25. Re8+ Rxe8 26. Bxe8 Bd8 27.
Nc5 Nf6 28. Bc6 Bb6 29. Nd7 Nxd7 30. Bxd7 g5 31. c4 bxc3 32. bxc3 h5 33. c4 Be3
34. c5 Bf4 35. Bxf4 gxf4 {Black resigns} 1-0

[Event "Team 45 45 League T34"]
[Site "Internet Chess Club"]
[Date "2007.08.26"]
[Round "6"]
[White "Plattner"]
[Black "WilliamWine"]
[Result "0-1"]
[WhiteElo "1771"]
[BlackElo "1833"]
[Opening "Queen's pawn game, Chigorin variation"]
[ECO "D02"]
[Time "06:49:00"]
[TimeControl "2700+45"]

1. d4 d5 2. Nf3 Nc6 3. Bf4 Nf6 4. h3 e6 5. e3 a5 6. c3 Ne4 7. Bb5 h5 8. Ne5 Bd7
9. Nxd7 Qxd7 10. f3 Nd6 11. Bd3 f5 12. Nd2 Nf7 13. h4 Bd6 14. Bxd6 Qxd6 15. Qe2
O-O-O 16. O-O-O Ne7 17. Nb3 b6 18. Ba6+ Kb8 19. e4 dxe4 20. fxe4 a4 21. e5 Qd5
22. c4 Qa8 23. c5 axb3 24. axb3 Nd5 25. Qb5 c6 26. Qa4 b5 27. Qa5 Rd7 28. Kc2
Ne3+ 29. Kd3 Nxd1 30. Rxd1 Qa7 31. Kc2 Rhd8 32. Ra1 Rxd4 33. b4 Nxe5 34. Re1 Nc4
35. Qa2 Rd2+ 36. Kc1 Qd7 37. Qb3 Rxb2 38. Qc3 Qd2+ 39. Qxd2 Rdxd2 40. Rxe6 Rbc2+
41. Kb1 Na3+ {White resigns} 0-1

[Event "Team 45 45 League T34"]
[Site "Internet Chess Club"]
[Date "2007.09.01"]
[Round "6"]
[White "ExpertLevel"]
[Black "LoseOften"]
[Result "0-1"]
[WhiteElo "1751"]
[BlackElo "1831"]
[Opening "Sicilian: Najdorf, Lipnitzky attack"]
[ECO "B86"]
[Time "13:34:19"]
[TimeControl "2700+45"]

1. e4 c5 2. Nf3 d6 3. d4 cxd4 4. Nxd4 Nf6 5. Nc3 a6 6. Bc4 e6 7. O-O b5 8. Bd3
Be7 9. Be3 Bb7 10. f3 O-O 11. Qd2 Nbd7 12. Rae1 Qc7 13. g4 Nc5 14. Be2 b4 15.
Nd1 d5 16. e5 Nfd7 17. g5 Nxe5 18. Nf2 Bd6 19. f4 Ng6 20. Nd3 Ne4 21. Qc1 Nxf4
22. Rxf4 e5 23. Rxe4 dxe4 24. Nf5 exd3 25. Bxd3 Bc5 26. Ng3 Qb6 27. Re2 a5 28.
Qe1 Rad8 29. Bxc5 Qxc5+ 30. Kf1 Rfe8 31. Nf5 e4 32. Bxe4 Rxe4 33. Rxe4 Qxf5+ 34.
Kg1 Qxe4 35. Qxe4 Bxe4 {White resigns} 0-1